 Dungeon Crawl Stone Soup version 0.27-a0-978-g2aa4ecdaef (webtiles) character file.

Game seed: 3818266704244759322

8278 leviel the Cleaver (level 11, -3/99 HPs)
             Began as a Minotaur Fighter on Apr 14, 2021.
             Was an Elder of Okawaru.
             Slain by an orc knight
             ... wielding a +0 halberd
              (14 damage)
             ... in a bailey.
             The game lasted 00:18:03 (9568 turns).

leviel the Cleaver (Minotaur Fighter)               Turns: 9568, Time: 00:18:03

Health: -3/99      AC: 23    Str: 24    XL:     11   Next: 7%
Magic:  10/10      EV:  4    Int: 11    God:    Okawaru [****..]
Gold:   422        SH: 12    Dex: 10    Spells: 10/10 levels left

rFire    + . .     SeeInvis .   o - +2 hand axe (venom)
rCold    + . .     Faith    .   c - +0 kite shield
rNeg     . . .     Spirit   .   w - +2 gold dragon scales
rPois    +         Reflect  .   k - +0 hat {Int+3}
rElec    .         Harm     .   (no cloak)
rCorr    .         Rampage  .   q - +0 pair of gloves
Will     .....                  m - +1 pair of boots "Xesmokhlimeim" {+Inv Int+3}
Stlth    ..........             (no amulet)
HPRegen  0.26/turn              (no ring)
MPRegen  0.12/turn              (no ring)

@: no status effects
A: horns 2, retaliatory headbutt
a: Renounce Religion, Evoke Invisibility, Heroism


You were in a bailey.
You worshipped Okawaru.
Okawaru was greatly pleased with you.
You visited 1 branch of the dungeon, and saw 10 of its levels.
You also visited: Sewer and Bailey.

You collected 482 gold pieces.
You spent 60 gold pieces at shops.

Inventory:

Hand Weapons
 b - the +8 frozen axe "Frostbite" {freezing cloud, *Noise Fly rC+}
   (You found it in a bailey)

   It has been specially enchanted to freeze those struck by it, causing extra
   injury to most foes and up to half again as much damage against particularly
   susceptible opponents.
   It can also slow down cold-blooded creatures.
   It protects you from cold.
   It grants you flight.
   It may make noises in combat.
 o - a +2 hand axe of venom (weapon)
Armour
 c - a +0 kite shield (worn)
 k - a +0 hat of intelligence (worn)
 m - the +1 pair of boots "Xesmokhlimeim" (worn) {+Inv Int+3}
   (You found it on level 6 of the Dungeon)

   It affects your intelligence (+3).
   It lets you turn invisible.
 q - a +0 pair of gloves (worn)
 w - +2 gold dragon scales (worn)
Wands
 d - a wand of flame (11)
 f - a wand of paralysis (6)
 r - a wand of digging (5)
Scrolls
 e - a scroll of blinking
 g - a scroll of magic mapping
 i - a scroll of silence
 l - 2 scrolls of teleportation
 s - a scroll of holy word
Potions
 a - a potion of cancellation
 j - 2 potions of heal wounds
 n - 5 potions of curing
 t - a potion of flight
 u - a potion of attraction {unknown}
 v - 2 potions of ambrosia
Miscellaneous
 h - a phial of floods


   Skills:
 + Level 10.1 Fighting
 * Level 12.2 Axes
 + Level 10.2 Armour
 + Level 10.2 Shields


You had 10 spell levels left.
You didn't know any spells.
Your spell library was empty.

Dungeon Overview and Level Annotations

Branches:
Dungeon (10/15)            Temple (0/1) D:7           Sewer (visited)
 Bailey (1/1)
   Lair: D:8-11         Orc: D:9-12

Altars:
Nemelex Xobeh
Okawaru
Ru
Sif Muna
Wu Jian

Shops:
D:9 *


Innate Abilities, Weirdness & Mutations

You have a pair of horns on your head.
You reflexively headbutt those who attack you in melee.


Message History

You block the orc warrior's attack. The orc knight barely misses you.
The orc knight hits you but does no damage.
The orc warrior hits you from afar with a +0 glaive!!
You hit the orc knight. You headbutt the orc knight!
The orc knight is severely wounded.
The orc knight hits you but does no damage.
You hit the orc knight but do no damage.
The orc knight is severely wounded.
The orc warrior hits you from afar with a +0 glaive!
You block the orc knight's attack.
You are too injured to fight recklessly!
You hit the orc knight but do no damage.
You headbutt the orc knight!
The orc knight is almost dead.
The orc warrior hits you from afar with a +0 glaive!
You block the orc knight's attack. You block the orc knight's attack.
The orc knight looks more healthy.
You are too injured to fight recklessly!
You are too injured to fight recklessly!
You block the orc warrior's attack.
The orc knight hits you from afar with a +0 halberd.
You are too injured to fight recklessly!
You are too injured to fight recklessly!
Unknown command.
The orc warrior hits you but does no damage.
The orc knight roars a battlecry!
The orc warrior goes into a battle-frenzy!
You are too injured to fight recklessly!
The orc knight hits you from afar with a +0 halberd!!
* * * LOW HITPOINT WARNING * * *
You block the orc warrior's attack.
The orc knight hits you with a +0 halberd!
* * * LOW HITPOINT WARNING * * *
You block the orc warrior's attack.
You slash the orc knight!
The orc knight is poisoned.
The orc knight is almost dead.
The orc knight hits you with a +0 halberd!
You die...

#......≈≈#.#.≈....#######
#.......≈≈≈≈≈.....##....##
#.................##...o.##
#.................##'''#..##
#.............##..##∩.o##..#
#............)##.####o####.#
#...........).##.o)#oo.#)'.#
#.............##.###.8o###.# ....
#.............##@')#:.?#)'.# ....
#.............##o#########)##....
#..............#..##)#)##..#.....
#..............##..#'#'#..##.....
#............)).##.......##......
#.......≈≈≈≈≈....#########....≈≈≈
#......≈≈#.#.≈......###.....)≈.#
#......≈##.∩#≈..)).)...).)...≈#∩.
#......≈..^..≈...............≈..^


You could see an orc knight (very poisoned) and an orc warrior (strong).

Vanquished Creatures
  Gastronok (D:9)
  A manticore (D:9)
  Psyche (D:9)
  Prince Ribbit (D:9)
  5 yaks (D:9)
  Grum (D:8)
  A steam dragon (D:8)
  5 water moccasins
  An ice beast (D:5)
  A hornet zombie (D:6)
  9 orc warriors
  A necrophage (D:7)
  4 wolves (D:8)
  A sky beast (D:6)
  A phantom (D:5)
  3 kobold brigands
  2 bullfrogs
  Blork the orc (D:5)
  2 scorpions (D:6)
  8 wights
  5 killer bees (D:7)
  2 howler monkeys
  2 centaur skeletons (D:4)
  4 centaur zombies
  A hound (D:4)
  A gnoll shaman (D:8)
  7 orc priests
  3 iguanas
  14 orc wizards
  A killer bee zombie (D:7)
  10 gnolls
  2 adders
  4 river rats (Sewer)
  5 worms
  2 dart slugs (D:1)
  The ghost of CurlyBrace the Vexing, a weakling FeEn (D:3)
  67 orcs
  12 ball pythons
  4 endoplasms
  2 giant cockroaches
  14 goblins
  7 hobgoblins
  2 jackals (Sewer)
  3 quokkas
  3 bats
  A frilled lizard (D:1)
  16 kobolds
  8 rats
253 creatures vanquished.

Notes
Turn   | Place    | Note
-------+----------+-------------------------------------------
     0 | D:1      | leviel the Minotaur Fighter began the quest for the Orb.
     0 | D:1      | Reached XP level 1. HP: 19/19 MP: 0/0
   124 | D:1      | Reached XP level 2. HP: 27/27 MP: 1/1
   512 | D:1      | Found a faded altar of an unknown god.
   862 | D:2      | Reached XP level 3. HP: 22/33 MP: 2/2
   971 | D:2      | Reached skill level 3 in Axes
  1384 | D:3      | Found a sacrificial altar of Ru.
  1427 | D:3      | Reached XP level 4. HP: 10/41 MP: 3/3
  2199 | D:3      | Reached XP level 5. HP: 46/47 MP: 4/4
  2209 | D:3      | Found a runed translucent door.
  2229 | D:3      | Noticed CurlyBrace's ghost (weakling FeEn)
  2256 | D:3      | Killed CurlyBrace's ghost
  2264 | D:3      | Found a runed translucent door.
  2571 | D:3      | Found a sparkling altar of Nemelex Xobeh.
  2787 | D:4      | Reached skill level 4 in Axes
  2933 | D:4      | Found a glowing drain.
  2943 | D:4      | Reached skill level 5 in Armour
  2948 | D:4      | Reached skill level 5 in Fighting
  2948 | D:4      | Reached skill level 5 in Shields
  2956 | Sewer    | Entered a sewer
  2968 | Sewer    | Reached XP level 6. HP: 19/56 MP: 5/5
  3536 | Sewer    | Found a white marble altar of Elyvilon.
  4499 | D:5      | Entered Level 5 of the Dungeon
  4525 | D:5      | Noticed an ice beast
  4530 | D:5      | Reached skill level 5 in Axes
  4530 | D:5      | Reached XP level 7. HP: 52/62 MP: 6/6
  4533 | D:5      | Noticed Blork the orc
  4547 | D:5      | Killed Blork the orc
  4620 | D:5      | You fall into a shaft and drop 1 floor!
  4773 | D:6      | Reached skill level 6 in Axes
  4773 | D:6      | Reached XP level 8. HP: 71/71 MP: 7/7
  4773 | D:6      | Identified the +1 pair of boots "Xesmokhlimeim" {+Inv
                  | Int+3}
  4985 | D:6      | Found a shimmering blue altar of Sif Muna.
  5505 | D:7      | Reached skill level 7 in Axes
  5718 | D:7      | Found an iron altar of Okawaru.
  5731 | D:7      | Became a worshipper of Warmaster Okawaru
  5867 | D:7      | Reached * piety under Okawaru
  5870 | D:7      | Reached skill level 8 in Axes
  5877 | D:7      | Reached XP level 9. HP: 51/79 MP: 8/8
  6163 | D:7      | Found a staircase to the Ecumenical Temple.
  6561 | D:8      | Reached skill level 9 in Axes
  6756 | D:8      | Reached ** piety under Okawaru
  6833 | D:8      | Noticed Grum
  6872 | D:8      | Killed Grum
  6890 | D:8      | Reached skill level 10 in Axes
  7428 | D:9      | Noticed Gastronok
  7475 | D:9      | Reached *** piety under Okawaru
  7476 | D:9      | Reached XP level 10. HP: 85/90 MP: 9/9
  7658 | D:9      | Noticed a manticore
  7670 | D:9      | Killed a manticore
  7755 | D:9      | Found Roog's General Store.
  7764 | D:9      | Bought a potion of heal wounds for 60 gold pieces
  7807 | D:9      | Killed Gastronok
  7807 | D:9      | Reached **** piety under Okawaru
  7808 | D:9      | Reached skill level 11 in Axes
  8082 | D:9      | Found an ornate altar of the Wu Jian Council.
  8103 | D:9      | Noticed Prince Ribbit
  8117 | D:9      | Killed Prince Ribbit
  8265 | D:9      | Noticed Psyche
  8270 | D:9      | Killed Psyche
  8271 | D:9      | Reached skill level 10 in Armour
  8271 | D:9      | Reached skill level 10 in Shields
  8581 | D:10     | Entered Level 10 of the Dungeon
  8594 | D:10     | Reached skill level 10 in Fighting
  8594 | D:10     | Reached skill level 12 in Axes
  8735 | D:10     | Found a flagged portal.
  8756 | Bailey   | Entered a bailey
  8850 | Bailey   | Reached XP level 11. HP: 58/99 MP: 10/10
  9512 | Bailey   | Found the +8 frozen axe "Frostbite" {freezing cloud, *Noise
                  | Fly rC+}
  9515 | Bailey   | Noticed an orc knight
  9568 | Bailey   | Slain by an orc knight

Illustrated notes

Levels and vault maps discovered:
D:1:      wander_arrival_lonely_grave, layout_loops_ring, basic_ecumenical_altar
D:2:      layout_basic, hangedman_abyss_or_decor_lesser_grid
D:3:      layout_rooms, lemuel_tele_altar, overflow_temple_1_default,
          ebering_ghost_sewer_f
D:4:      layout_gridville, cheibrodos_sewer_entry_drain,
          minmay_fractal_squares_gapless_5
D:5:      layout_gridville, serial_glass, glass_columns_c, glass_columns_a,
          glass_columns_a, glass_columns_b, glass_columns_c, glass_columns_a,
          item_on_display_a, feat_on_display, due_unseen_surprise,
          item_on_display_a, minmay_stone_trees_small, uniq_blork_the_orc
D:6:      layout_basic, kennysheep_mini_moat
D:7:      layout_basic, okawaru_altar_gauntlet_db,
          minmay_temple_entry_glassed_door
D:8:      layout_basic, minmay_misc_feat_diagonals, uniq_grum
D:9:      layout_basic, amcnicky_altar_gilded, serial_shops, shop,
          chequers_serial_rivers_room_a, uniq_gastronok, uniq_psyche,
          uniq_prince_ribbit1
D:10:     layout_grid_maze, good_gods_temple_1, lair_entry_dummy, enter_bailey_5
Bailey:   bailey_polearm_2, bailey

Skill      XL: |  1  2  3  4  5  6  7  8  9 10 |
---------------+-------------------------------+-----
Fighting       | 4 5 6 7 8 10 | 10.1
Shields        | 4 5 6 7 9 10 | 10.2
Armour         | 4 5 6 7 9 10 | 10.2
Axes           | 3 4 5 6 8 10 12 | 12.2

Action                   |  1- 3 |  4- 6 |  7- 9 | 10-12 || total
-------------------------+-------+-------+-------+-------++-------
Melee: War axe           |    96 |    24 |       |       ||   120
       Headbutt          |    12 |    16 |    51 |    32 ||   111
       Hand axe          |       |   115 |   337 |   160 ||   612
Invok: Heroism           |       |       |     1 |     2 ||     3
  Use: Potion            |       |     4 |     2 |       ||     6
       Scroll            |       |       |    11 |     5 ||    16
Armor: Scale mail        |    45 |    47 |       |       ||    92
       Gold dragon scale |       |    16 |   217 |    85 ||   318
Dodge: Dodged            |    26 |    37 |    33 |    23 ||   119
Block: Kite shield       |    61 |    62 |   175 |   136 ||   434

Table legend: (Time is in decaauts)
 A = Elapsed time spent in this place.
 B = Non-inter-level travel time spent in this place.
 C = Inter-level travel time spent in this place.
 D = Time resting spent in this place.
 E = Time spent auto-exploring this place.
 F = Levels seen in this place.
 G = Mean time per level.
                   A        B        C        D        E       F      G
               +--------+--------+--------+--------+--------+-----+--------+
         Total |   9701 |   9490 |    211 |   1925 |   5767 |  12 |  808.4 |
       Dungeon |   8224 |   8013 |    211 |   1110 |   5442 |  10 |  822.4 |
         Sewer |    682 |    682 |      0 |    472 |    126 |   1 |  682.0 |
        Bailey |    794 |    794 |      0 |    343 |    199 |   1 |  794.0 |
               +--------+--------+--------+--------+--------+-----+--------+

Top non-repeatable levels by time:
     D:2: 1478 daAuts
     D:9: 1294 daAuts
     D:4: 1117 daAuts
     D:7: 1045 daAuts
     D:6: 855 daAuts
  Bailey: 794 daAuts
     D:8: 772 daAuts
     D:3: 684 daAuts
   Sewer: 682 daAuts
     D:1: 677 daAuts
    D:10: 171 daAuts
     D:5: 127 daAuts
